team 1 (loser)

»
Beta-Tree (
red | 114 APM | 4522 actions | 39:30)
5 Dreadlord
2 Sleep
3 Vampiric Aura
3 Death Knight
2 Death Coil
1 Unholy Aura
» actions
| Assign group hotkey | 28 | |
| Basic commands | 4 | |
| Build / train | 69 | |
| ESC pressed | 1 | |
| Enter build submenu | 24 | |
| Enter hero's abilities submenu | 9 | |
| Remove unit from queue | 3 | |
| Right click | 1931 | |
| Select / deselect | 671 | |
| Select group hotkey | 1470 | |
| Use ability | 312 | |
4522 total
» units
| Acolyte | 5 | |
| Ghoul | 14 | |
| Necromancer | 6 | |
| Obsidian Statue | 3 | |
| Meatwagon | 15 | |
| Gargoyle | 1 | |
44 total
» upgrades
| Unholy Strength | 2 | |
| Necromancer Training | 2 | |
| Skeletal Longevity | 1 | |
| Skeletal Mastery | 1 | |
| Unholy Armor | 1 | |
| Exhume Corpses | 1 | |
8 total
» buildings
| Altar of Darkness | 1 | |
| Crypt | 2 | |
| Ziggurat | 8 | |
| Graveyard | 1 | |
| Tomb of Relics | 1 | |
| Halls of the Dead | 1 | |
| Temple of the Damned | 2 | |
| Black Citadel | 1 | |
| Slaughterhouse | 2 | |
| Sacrificial Pit | 2 | |
21 total
» build order
00:10 Altar of Darkness
00:15 Crypt
00:36 Ziggurat
00:59 Graveyard
01:18 Ziggurat
02:07 Tomb of Relics
03:16 Halls of the Dead
04:12 Ziggurat
06:00 Temple of the Damned
06:17 Temple of the Damned
06:54 Black Citadel
08:08 Ziggurat
08:38 Slaughterhouse
11:24 Ziggurat
12:27 Ziggurat
15:34 Crypt
18:03 Ziggurat
18:08 Slaughterhouse
21:51 Ziggurat
29:09 Sacrificial Pit
29:41 Sacrificial Pit
» items
| Rod of Necromancy | 1 | |
| Potion of Healing | 1 | |
2 total

»
Omega-Tree (
teal | 150 APM | 5924 actions | 39:27)
7 Keeper of the Grove
3 Entangling Roots
3 Thorns Aura
1 Tranquility
» actions
| Assign group hotkey | 83 | |
| Basic commands | 15 | |
| Build / train | 75 | |
| ESC pressed | 3 | |
| Enter build submenu | 25 | |
| Enter hero's abilities submenu | 8 | |
| Remove unit from queue | 4 | |
| Right click | 2784 | |
| Select / deselect | 972 | |
| Select group hotkey | 1773 | |
| Use ability | 182 | |
5924 total
» units
| Wisp | 23 | |
| Archer | 15 | |
| Druid of the Claw | -1 | |
| Dryad | 4 | |
41 total
» upgrades
| Improved Bows | 1 | |
| Druid of the Claw Training | 2 | |
| Reinforced Hides | 2 | |
| Strength of the Wild | 2 | |
| Mark of the Claw | 1 | |
| Abolish Magic | 1 | |
9 total
» buildings
| Altar of Elders | 1 | |
| Moon Well | 8 | |
| Ancient of War | 1 | |
| Tree of Ages | 3 | |
| Ancient of Wonders | 2 | |
| Hunter's Hall | 1 | |
| Ancient of Lore | 4 | |
| Tree of Eternity | 2 | |
| Ancient of Wind | 1 | |
| Ancient Protector | 4 | |
27 total
» build order
00:06 Altar of Elders
00:18 Moon Well
01:01 Ancient of War
01:31 Moon Well
02:01 Moon Well
02:58 Tree of Ages
02:58 Tree of Ages
04:04 Ancient of Wonders
05:55 Hunter's Hall
07:15 Ancient of Lore
07:18 Ancient of Lore
07:20 Moon Well
08:09 Moon Well
09:10 Tree of Eternity
11:04 Ancient of Wind
11:11 Moon Well
13:24 Ancient Protector
13:32 Ancient Protector
14:12 Ancient Protector
15:47 Moon Well
17:27 Ancient of Lore
17:29 Ancient of Lore
20:24 Ancient Protector
22:59 Moon Well
25:14 Ancient of Wonders
» items
| Lesser Clarity Potion | 1 | |
| Anti-magic Potion | 1 | |
| Potion of Healing | 1 | |
| Potion of Mana | 1 | |
4 total
Sigma-Tree (
green | 95 APM | 3763 actions | 39:33)
5 Priestess of the Moon
2 Searing Arrows
2 Trueshot Aura
1 Scout
2 Keeper of the Grove
1 Entangling Roots
1 Thorns Aura
» actions
| Assign group hotkey | 35 | |
| Build / train | 105 | |
| Enter build submenu | 39 | |
| Enter hero's abilities submenu | 7 | |
| Give item / drop item | 1 | |
| Remove unit from queue | 12 | |
| Right click | 2109 | |
| Select / deselect | 545 | |
| Select group hotkey | 822 | |
| Use ability | 88 | |
3763 total
» units
| Wisp | 43 | |
| Archer | 17 | |
| Glaive Thrower | 3 | |
| Hippogryph | 6 | |
| Huntress | 3 | |
72 total
» upgrades
| Improved Bows | 1 | |
| Ultravision | 1 | |
| Strength of the Moon | 2 | |
| Vorpal Blades | 1 | |
| Marksmanship | 1 | |
| Well Spring | 1 | |
| Moon Armor | 2 | |
| Nature's Blessing | 1 | |
| Hippogryph Taming | 1 | |
| Sentinel | 1 | |
12 total
» buildings
| Altar of Elders | 1 | |
| Moon Well | 5 | |
| Ancient of War | 2 | |
| Tree of Ages | 1 | |
| Ancient of Wonders | 1 | |
| Tree of Eternity | 1 | |
| Hunter's Hall | 1 | |
| Ancient of Wind | 1 | |
| Tree of Life | 7 | |
| Ancient Protector | 20 | |
40 total
» build order
00:06 Altar of Elders
00:20 Moon Well
00:46 Ancient of War
01:31 Moon Well
02:54 Moon Well
03:19 Tree of Ages
03:48 Ancient of War
04:45 Ancient of Wonders
06:42 Tree of Eternity
06:46 Moon Well
07:28 Hunter's Hall
11:10 Moon Well
11:36 Ancient of Wind
12:11 Tree of Life
13:12 Tree of Life
13:25 Ancient Protector
13:28 Ancient Protector
17:03 Ancient Protector
17:50 Ancient Protector
18:08 Ancient Protector
18:14 Ancient Protector
18:44 Ancient Protector
18:49 Ancient Protector
19:48 Ancient Protector
22:01 Ancient Protector
22:03 Ancient Protector
22:04 Ancient Protector
23:06 Tree of Life
24:10 Tree of Life
25:11 Ancient Protector
25:12 Ancient Protector
25:13 Ancient Protector
26:42 Tree of Life
28:09 Tree of Life
30:48 Ancient Protector
30:48 Ancient Protector
32:14 Tree of Life
32:29 Ancient Protector
32:31 Ancient Protector
32:34 Ancient Protector
» items
| Dust of Appearance | 3 | |
| Potion of Healing | 1 | |
| Lesser Clarity Potion | 1 | |
5 total
team 2 (winner)

»
ScenicWorld (
pink | 145 APM | 5735 actions | 39:34)
6 Dreadlord
3 Sleep
2 Vampiric Aura
1 Inferno
6 Lich
3 Frost Nova
2 Frost Armor
1 Death and Decay
» actions
| Assign group hotkey | 883 | |
| Basic commands | 52 | |
| Build / train | 132 | |
| Enter build submenu | 38 | |
| Enter hero's abilities submenu | 14 | |
| Give item / drop item | 5 | |
| Remove unit from queue | 12 | |
| Right click | 2345 | |
| Select / deselect | 1360 | |
| Select group hotkey | 598 | |
| Use ability | 296 | |
5735 total
» units
| Acolyte | 8 | |
| Ghoul | 20 | |
| Frost Wyrm | 18 | |
46 total
» upgrades
| Creature Carapace | 2 | |
| Creature Attack | 2 | |
| Freezing Breath | 1 | |
5 total
» buildings
| Altar of Darkness | 1 | |
| Crypt | 1 | |
| Ziggurat | 14 | |
| Graveyard | 1 | |
| Tomb of Relics | 3 | |
| Spirit Tower | 2 | |
| Halls of the Dead | 2 | |
| Black Citadel | 4 | |
| Sacrificial Pit | 2 | |
| Boneyard | 4 | |
| Slaughterhouse | 1 | |
35 total
» build order
00:08 Altar of Darkness
00:12 Crypt
00:28 Ziggurat
01:24 Graveyard
01:58 Tomb of Relics
03:21 Ziggurat
04:24 Ziggurat
05:13 Ziggurat
05:21 Spirit Tower
06:02 Halls of the Dead
08:12 Ziggurat
08:13 Ziggurat
08:14 Ziggurat
13:23 Black Citadel
13:24 Black Citadel
15:21 Sacrificial Pit
15:22 Sacrificial Pit
15:29 Tomb of Relics
15:31 Tomb of Relics
16:10 Boneyard
16:11 Boneyard
16:12 Boneyard
16:14 Boneyard
16:55 Ziggurat
16:57 Ziggurat
16:58 Ziggurat
16:59 Ziggurat
30:12 Ziggurat
30:12 Ziggurat
30:14 Ziggurat
32:03 Slaughterhouse
» items
| Sacrificial Skull | 1 | |
| Dust of Appearance | 1 | |
| Rod of Necromancy | 1 | |
| Healing Salve | 13 | |
| Orb of Lightning | 4 | |
| Potion of Healing | 3 | |
| Orb of Corruption | 1 | |
| Scroll of Speed | 7 | |
| Scroll of Town Portal | 3 | |
| Lesser Clarity Potion | 2 | |
| Potion of Mana | 2 | |
38 total
timg4strOK (
purple | 88 APM | 3471 actions | 39:33)
4 Pandaren Brewmaster
2 Breath of Fire
1 Drunken Haze
1 Drunken Brawler
3 Archmage
2 Blizzard
1 Brilliance Aura
» actions
| Assign group hotkey | 17 | |
| Basic commands | 44 | |
| Build / train | 134 | |
| ESC pressed | 15 | |
| Enter build submenu | 103 | |
| Enter hero's abilities submenu | 7 | |
| Give item / drop item | 4 | |
| Remove unit from queue | 1 | |
| Right click | 1768 | |
| Select / deselect | 417 | |
| Select group hotkey | 633 | |
| Use ability | 327 | |
3471 total
» units
| Peasant | 25 | |
| Spell Breaker | 2 | |
| Mortar Team | 6 | |
33 total
» upgrades
| Masonry | 3 | |
| Lumber Harvesting | 1 | |
| Magic Sentry | 1 | |
| Gunpowder | 3 | |
| Flare | 1 | |
| Fragmentation Shards | 1 | |
| Control Magic | 1 | |
| Cloud | 1 | |
| Flying Machine Bombs | 1 | |
| Flak Cannons | 1 | |
14 total
» buildings
| Lumber Mill | 1 | |
| Altar of Kings | 2 | |
| Scout Tower | 98 | |
| Farm | 7 | |
| Arcane Tower | 4 | |
| Guard Tower | 41 | |
| Keep | 1 | |
| Arcane Sanctum | 1 | |
| Gryphon Aviary | 1 | |
| Arcane Vault | 1 | |
| Blacksmith | 1 | |
| Workshop | 1 | |
| Castle | 1 | |
160 total
» build order
00:20 Lumber Mill
00:54 Altar of Kings
01:00 Scout Tower
01:01 Scout Tower
01:23 Farm
01:27 Scout Tower
01:29 Arcane Tower
01:38 Arcane Tower
01:39 Scout Tower
01:57 Scout Tower
01:59 Guard Tower
02:01 Scout Tower
02:02 Scout Tower
02:07 Guard Tower
02:09 Scout Tower
02:33 Farm
02:46 Guard Tower
02:52 Guard Tower
02:54 Scout Tower
02:56 Scout Tower
03:32 Guard Tower
03:34 Scout Tower
03:34 Scout Tower
03:41 Scout Tower
03:41 Scout Tower
03:42 Scout Tower
04:01 Scout Tower
04:02 Scout Tower
04:26 Guard Tower
04:28 Scout Tower
04:28 Scout Tower
04:29 Scout Tower
04:36 Guard Tower
04:38 Scout Tower
04:39 Scout Tower
05:06 Guard Tower
05:22 Scout Tower
05:23 Scout Tower
05:24 Scout Tower
05:53 Guard Tower
05:58 Farm
06:11 Guard Tower
06:24 Scout Tower
06:25 Scout Tower
06:26 Scout Tower
06:51 Keep
06:54 Scout Tower
06:55 Scout Tower
06:55 Scout Tower
06:57 Guard Tower
07:06 Scout Tower
07:07 Scout Tower
07:07 Scout Tower
07:08 Scout Tower
07:14 Scout Tower
07:15 Scout Tower
07:16 Scout Tower
07:17 Scout Tower
07:41 Guard Tower
07:55 Guard Tower
08:10 Guard Tower
08:22 Scout Tower
08:22 Scout Tower
08:23 Scout Tower
08:30 Scout Tower
08:30 Scout Tower
09:02 Guard Tower
09:03 Scout Tower
09:04 Scout Tower
09:07 Guard Tower
09:08 Scout Tower
09:09 Scout Tower
09:10 Scout Tower
09:11 Scout Tower
09:12 Scout Tower
09:12 Scout Tower
09:13 Scout Tower
09:39 Guard Tower
09:46 Guard Tower
09:46 Guard Tower
09:46 Guard Tower
09:50 Guard Tower
10:26 Scout Tower
10:27 Scout Tower
10:28 Scout Tower
10:29 Scout Tower
10:40 Guard Tower
11:11 Guard Tower
11:17 Scout Tower
11:18 Scout Tower
11:19 Scout Tower
11:24 Guard Tower
11:41 Arcane Sanctum
11:42 Gryphon Aviary
12:11 Guard Tower
13:04 Scout Tower
13:06 Scout Tower
13:07 Scout Tower
13:08 Scout Tower
13:09 Scout Tower
13:11 Scout Tower
13:15 Scout Tower
13:15 Scout Tower
13:24 Arcane Vault
13:39 Guard Tower
14:06 Arcane Tower
14:07 Arcane Tower
14:40 Guard Tower
16:19 Scout Tower
16:21 Scout Tower
16:22 Scout Tower
16:39 Scout Tower
16:40 Scout Tower
16:41 Scout Tower
16:42 Scout Tower
16:51 Guard Tower
17:23 Guard Tower
17:33 Farm
17:34 Farm
17:47 Guard Tower
17:58 Scout Tower
17:58 Scout Tower
18:15 Blacksmith
18:35 Guard Tower
18:38 Scout Tower
18:38 Scout Tower
18:39 Scout Tower
18:40 Scout Tower
18:56 Scout Tower
18:56 Scout Tower
18:57 Scout Tower
18:57 Scout Tower
19:33 Guard Tower
19:40 Altar of Kings
20:26 Guard Tower
20:33 Workshop
20:37 Guard Tower
20:38 Guard Tower
20:40 Scout Tower
20:40 Scout Tower
20:41 Scout Tower
20:42 Scout Tower
20:51 Scout Tower
21:26 Castle
21:32 Guard Tower
21:39 Guard Tower
22:11 Guard Tower
22:13 Scout Tower
22:14 Scout Tower
22:16 Scout Tower
22:17 Scout Tower
22:18 Scout Tower
22:29 Farm
22:30 Farm
23:25 Guard Tower
23:38 Guard Tower
23:50 Scout Tower
23:51 Scout Tower
24:10 Scout Tower
24:52 Guard Tower
» items
| Staff of Teleportation | 3 | |
| Boots of Speed | 3 | |
| Lesser Clarity Potion | 9 | |
| Healing Salve | 4 | |
| Scroll of Town Portal | 3 | |
| Orb of Lightning | 5 | |
| Potion of Healing | 1 | |
| Potion of Mana | 1 | |
| Staff of Sanctuary | 1 | |
30 total
us-east (
yellow | 108 APM | 4264 actions | 39:33)
6 Blademaster
3 Wind Walk
2 Critical Strike
1 Bladestorm
» actions
| Assign group hotkey | 15 | |
| Basic commands | 40 | |
| Build / train | 72 | |
| ESC pressed | 3 | |
| Enter build submenu | 22 | |
| Enter hero's abilities submenu | 6 | |
| Give item / drop item | 1 | |
| Right click | 2784 | |
| Select / deselect | 425 | |
| Select group hotkey | 622 | |
| Use ability | 274 | |
4264 total
» units
| Peon | 15 | |
| Troll Batrider | 16 | |
| Troll Witch Doctor | 2 | |
| Spirit Walker | 3 | |
| Shaman | 2 | |
38 total
» upgrades
| Liquid Fire | 1 | |
| Ranged Weapons | 1 | |
| Witch Doctor Training | 2 | |
| Spirit Walker Training | 1 | |
| Shaman Training | 2 | |
7 total
» buildings
| Altar of Storms | 1 | |
| Orc Burrow | 5 | |
| Voodoo Lounge | 5 | |
| Stronghold | 2 | |
| War Mill | 1 | |
| Watch Tower | 1 | |
| Beastiary | 3 | |
| Fortress | 2 | |
| Great Hall | 1 | |
| Spirit Lodge | 2 | |
23 total
» build order
00:06 Altar of Storms
00:14 Orc Burrow
01:32 Voodoo Lounge
03:35 Voodoo Lounge
04:29 Stronghold
04:33 War Mill
04:42 Voodoo Lounge
06:30 Watch Tower
07:07 Beastiary
07:08 Beastiary
07:09 Beastiary
07:13 Orc Burrow
08:11 Fortress
08:11 Fortress
09:54 Orc Burrow
13:36 Great Hall
16:40 Voodoo Lounge
17:42 Voodoo Lounge
17:47 Spirit Lodge
17:50 Spirit Lodge
19:21 Orc Burrow
21:44 Orc Burrow
» items
| Lesser Clarity Potion | 5 | |
| Healing Salve | 3 | |
| Potion of Mana | 1 | |
| Boots of Speed | 1 | |
| Staff of Teleportation | 1 | |
| Potion of Healing | 1 | |
| Orb of Lightning | 3 | |
15 total